 Dungeon Crawl Stone Soup version 0.22-a0-274-gf8199ec (webtiles) character file.

4965 nikopol the Thaumaturge (level 10, -6/52 HPs)
             Began as a Deep Elf Fire Elementalist on Mar 14, 2018.
             Was a Follower of Vehumet.
             Shot with an arrow by a centaur warrior (31 damage)
             ... on level 9 of the Dungeon.
             The game lasted 00:31:53 (10022 turns).

nikopol the Thaumaturge (DEFE)                     Turns: 10022, Time: 00:31:53

Health: -6/52      AC:  5    Str:  5    XL:     10   Next: 28%
Magic:  17/27      EV: 15    Int: 24    God:    Vehumet [*.....]
Gold:   410        SH:  0    Dex: 15    Spells: 14/32 levels left

rFire    . . .     SeeInvis .   l - +1 short sword (protect)
rCold    . . .     Gourm    .   (no shield)
rNeg     . . .     Faith    .   a - +0 robe
rPois    .         Spirit   .   o - +0 helmet
rElec    .         Reflect  .   w - scarf {cloud immunity}
rCorr    .         Harm     .   z - +0 pair of gloves
MR       +....                  B - +0 pair of boots
Stlth    +++.......             (no amulet)
HPRegen  0.17/turn              D - ring of flight
MPRegen  0.20/turn              (no ring)

@: very slightly contaminated
A: no striking features
a: Renounce Religion, Evoke Flight


You were on level 9 of the Dungeon.
You worshipped Vehumet.
Vehumet was aware of your devotion.
You were not hungry.

You visited 2 branches of the dungeon, and saw 10 of its levels.

You collected 410 gold pieces.

Inventory:

Hand Weapons
 l - a +1 short sword of protection (weapon)
Armour
 a - a +0 robe (worn)
 o - a +0 helmet (worn)
 w - a scarf of cloud immunity (worn)
 z - a +0 pair of gloves (worn)
 B - a +0 pair of boots (worn)
Jewellery
 D - a ring of flight (left hand)
Wands
 g - a wand of polymorph (6)
 v - a wand of random effects (38)
 x - a wand of iceblast (11)
 y - a wand of flame (58)
Scrolls
 b - 2 scrolls of magic mapping {unknown}
 d - 3 scrolls of enchant armour {unknown}
 e - 2 scrolls of amnesia {unknown}
 f - 4 scrolls of identify {unknown}
 j - 2 scrolls of teleportation {unknown}
 k - 5 scrolls of remove curse {unknown}
 n - a scroll of blinking {unknown}
 p - a scroll of random uselessness {unknown}
 s - a scroll of enchant weapon {unknown}
 A - a scroll of fear {unknown}
 C - a scroll of silence {unknown}
Potions
 h - a potion of lignification {unknown}
 i - a potion of heal wounds {unknown}
 m - a potion of curing
 q - a potion of invisibility {unknown}
 r - a potion of haste {unknown}
 t - 4 potions of flight {unknown}
 u - a potion of brilliance {unknown}
Comestibles
 c - 15 rations


   Skills:
 + Level 1.4 Fighting
 + Level 1.0 Short Blades
 + Level 5.2 Dodging
 + Level 4.4 Stealth
 + Level 0.2 Unarmed Combat
 + Level 11.8 Spellcasting
 + Level 8.6 Conjurations
 + Level 9.1 Fire Magic


You had 14 spell levels left.
You knew the following spells:

 Your Spells              Type           Power        Failure   Level  Hunger
a - Flame Tongue          Conj/Fire      #####        1%          1    None
b - Throw Flame           Conj/Fire      ######       1%          2    None
c - Conjure Flame         Conj/Fire      ######..     1%          3    None
d - Sticky Flame          Conj/Fire      ######..     1%          4    None
e - Fireball              Conj/Fire      ######....   3%          5    ###....
f - Magic Dart            Conj           ####         1%          1    None
g - Blink                 Tloc           N/A          7%          2    None


Dungeon Overview and Level Annotations

Branches:
Dungeon (9/15)             Temple (1/1) D:7
   Lair: D:8-11         Orc: D:9-12

Altars:
Ashenzari
Dithmenos
Elyvilon
Fedhas
Hepliaklqana
Makhleb
Nemelex Xobeh
Okawaru
Ru
Sif Muna
Trog
Uskayaw
Vehumet
Wu Jian
Xom
Yredelemnul
Zin
The Shining One


Message History

Confirm with . or Enter, or press ? or * to list all spells.
Aiming: Fireball (safe; 3% risk of failure)
Press: ? - help, Shift-Dir - straight line You miscast Fireball.
You are very lightly contaminated with residual magic.
You feel a strange surge of energy!
The centaur warrior shouts!
You hear a shout!
The centaur warrior wields a shortbow.
The centaur warrior shoots an arrow.
The arrow hits you!
Casting: Fireball (safe; 3% risk of failure)
Confirm with . or Enter, or press ? or * to list all spells.
Aiming: Fireball (safe; 3% risk of failure)
Press: ? - help, Shift-Dir - straight line The fireball explodes!
The fireball engulfs the centaur warrior.
The centaur warrior is lightly wounded.
The centaur warrior shoots an arrow.
The arrow hits you!
The centaur warrior shoots an arrow.
The arrow hits you!!
Ouch! That really hurt!
You die...

#.####### #.#
##.##
#########)..#
#<..........#
###
#.#######.#.#
#..
###.#######.#.#
#.#
#...........#.#
#.#
#.#@#########.#
#.# #.#.#
#.####.# #.#.#
#......# #.#.#
######## #[...
#.#.# #.c.. ...


You could see a centaur warrior.

Vanquished Creatures
  A two-headed ogre (D:8)
  An unseen horror (D:9)
  A gargoyle (D:8)
  Sigmund (D:3)
  A black bear (D:8)
  2 orc warriors
  2 sky beasts (D:8)
  3 ice beasts
  3 phantoms
  4 ogres
  4 centaurs
  A crocodile (D:8)
  3 bullfrogs (D:8)
  4 wights (D:7)
  A howler monkey (D:8)
  A bullfrog zombie (D:6)
  A jelly (D:5)
  A centaur zombie (D:8)
  4 orc priests
  2 centaur skeletons
  6 hounds
  A bullfrog skeleton (D:6)
  A gnoll shaman (D:6)
  2 iguanas
  6 orc wizards
  2 worker ants (D:8)
  A hound skeleton (D:5)
  Robin (D:2)
  13 adders
  15 gnolls
  2 shadow imps
  3 oozes
  An adder zombie (D:5)
  7 worms
  A dart slug (D:1)
  5 leopard geckos
  16 orcs
  9 giant cockroaches
  12 goblins
  14 hobgoblins
  11 jackals
  8 kobolds
  4 ball pythons
  7 bats
  4 frilled lizards
  A jackal skeleton (D:6)
  7 rats
201 creatures vanquished.

Notes
Turn   | Place    | Note
-------+----------+-------------------------------------------
     0 | D:1      | nikopol the Deep Elf Fire Elementalist began the quest for the Orb.
     0 | D:1      | Reached XP level 1. HP: 10/10 MP: 6/6
   289 | D:1      | Reached XP level 2. HP: 15/15 MP: 5/8
   535 | D:1      | Reached XP level 3. HP: 19/19 MP: 8/10
   573 | D:1      | Learned a level 2 spell: Throw Flame
   577 | D:1      | Learned a level 3 spell: Conjure Flame
  1539 | D:2      | Reached XP level 4. HP: 24/24 MP: 8/11
  1748 | D:2      | Reached skill level 4 in Spellcasting
  2108 | D:2      | Noticed Robin
  2268 | D:2      | Killed Robin
  2483 | D:2      | Reached XP level 5. HP: 19/28 MP: 7/13
  2608 | D:2      | Found a faded altar of an unknown god.
  3334 | D:3      | Learned a level 4 spell: Sticky Flame
  3339 | D:3      | Reached skill level 5 in Spellcasting
  3605 | D:3      | Noticed Sigmund
  3618 | D:3      | Killed Sigmund
  3618 | D:3      | Reached skill level 5 in Fire Magic
  3618 | D:3      | Reached XP level 6. HP: 20/33 MP: 5/16
  4073 | D:4      | Reached skill level 6 in Spellcasting
  4375 | D:4      | Found a white marble altar of Elyvilon.
  4630 | D:5      | Entered Level 5 of the Dungeon
  4749 | D:5      | Reached XP level 7. HP: 37/37 MP: 9/18
  5861 | D:5      | Learned a level 5 spell: Fireball
  5863 | D:5      | Learned a level 1 spell: Magic Dart
  5866 | D:5      | Learned a level 2 spell: Blink
  6227 | D:6      | Reached skill level 7 in Spellcasting
  6251 | D:6      | Reached skill level 5 in Conjurations
  6251 | D:6      | Reached XP level 8. HP: 42/42 MP: 7/21
  6770 | D:6      | Reached skill level 1 in Fighting
  6771 | D:6      | Reached skill level 8 in Spellcasting
  7512 | D:7      | Reached skill level 9 in Spellcasting
  7670 | D:7      | Found a staircase to the Ecumenical Temple.
  7673 | D:7      | Reached XP level 9. HP: 47/47 MP: 17/24
  7693 | Temple   | Entered the Ecumenical Temple
  7743 | Temple   | Became a worshipper of Vehumet
  8094 | D:8      | Noticed a two-headed ogre
  8235 | D:8      | Killed a two-headed ogre
  8235 | D:8      | Reached skill level 10 in Spellcasting
  8767 | D:8      | Reached * piety under Vehumet
  8767 | D:8      | Offered knowledge of Shock by Vehumet.
  9181 | D:8      | Reached skill level 11 in Spellcasting
  9294 | D:8      | Noticed a gargoyle
  9449 | D:8      | Killed a gargoyle
  9449 | D:8      | Reached skill level 1 in Short Blades
  9449 | D:8      | Reached XP level 10. HP: 36/52 MP: 8/27
  9461 | D:8      | Reached skill level 5 in Dodging
  9776 | D:9      | Noticed an unseen horror
  9778 | D:9      | Killed an unseen horror
  9869 | D:9      | Noticed a centaur warrior
 10022 | D:9      | Shot with an arrow by a centaur warrior

Vault maps used:
D:1:      dpeg_arrival_circle_labyrinth_c, minivault_4,
          minmay_misc_feat_columns, minmay_shallow_snake_nest
D:2:      chequers_ecumenical_altar_lobes, kennysheep_pointless_box, uniq_robin
D:3:      minmay_misc_feat_room, kennysheep_generic_room_14, uniq_sigmund
D:4:      kennysheep_little_box
D:5:      first_ration, kennysheep_another_room
D:7:      minmay_temple_entry_grid
D:8:      nzn_random_ring
D:9:      the_bakery, makhleb_blood_cavern_becter
Temple:   grunt_wide_crystal_templ

Skill      XL: |  1  2  3  4  5  6  7  8  9 10 |
---------------+-------------------------------+-----
Dodging        | 3 4 5 |  5.2
Fire Magic     | 4 5 6 7 8 9 |  9.1
Spellcasting   | 4 5 6 7 9 11 | 11.8
Conjurations   | 2 3 4 5 6 8 |  8.6
Stealth        | 3 4 |  4.4
Fighting       | 1 |  1.4
Short Blades   | 1 |  1.0
Unarmed Combat | |  0.2

Action                   |  1- 3 |  4- 6 |  7- 9 | 10-12 || total
-------------------------+-------+-------+-------+-------++-------
Melee: Unarmed           |       |     9 |       |       ||     9
       Short sword       |       |       |    32 |       ||    32
 Cast: Flame Tongue      |    66 |   126 |   209 |    28 ||   429
       Throw Flame       |       |    15 |    26 |     2 ||    43
       Sticky Flame      |       |     1 |    25 |     3 ||    29
       Conjure Flame     |       |     1 |    11 |     1 ||    13
       Fireball          |       |       |    10 |     4 ||    14
  Use: Potion            |     1 |       |       |       ||     1
  Eat: Chunk             |     2 |     9 |    17 |     3 ||    31
Armor: Robe              |     4 |    10 |    22 |     1 ||    37
Dodge: Dodged            |    14 |    44 |    71 |     6 ||   135

Table legend:
 A = Spawn XP
 B = Non-spawn XP
 C = Spawn XP percentage of total XP
 D = Spawn monster count
 E = Non-spawn monster count
 F = Spawn count percentage of total count
 G = Total turns spent on level
                    A         B        C        D         E        F      G
               +---------+---------+-------+---------+---------+-------+---------
         Total |       0 |    7094 |   0.0 |       0 |     201 |   0.0 | 10022
               +---------+---------+-------+---------+---------+-------+---------
           D:1 |       0 |      69 |   0.0 |       0 |      22 |   0.0 |  1230
           D:2 |       0 |     148 |   0.0 |       0 |      44 |   0.0 |  1801
           D:3 |       0 |     326 |   0.0 |       0 |      21 |   0.0 |   980
           D:4 |       0 |      58 |   0.0 |       0 |       8 |   0.0 |   654
           D:5 |       0 |     430 |   0.0 |       0 |      27 |   0.0 |  1260
           D:6 |       0 |     898 |   0.0 |       0 |      25 |   0.0 |  1199
           D:7 |       0 |    1046 |   0.0 |       0 |      13 |   0.0 |   874
           D:8 |       0 |    2940 |   0.0 |       0 |      32 |   0.0 |  1641
           D:9 |       0 |    1179 |   0.0 |       0 |       9 |   0.0 |   327
               +---------+---------+-------+---------+---------+-------+---------
